 Dungeon Crawl Stone Soup version 0.29-a0-876-gfc89b1a5bd (webtiles) character file.

Game seed: 5572254521455949377

2291 siradein the Ogre Mage (level 9, -5/87 HPs)
             Began as an Ogre Summoner on July 19, 2022.
             Was an Initiate of Gozag.
             Slain by a boulder beetle (33 damage)
             ... in the Ecumenical Temple.
             The game lasted 00:38:36 (8890 turns).

siradein the Ogre Mage (Ogre Summoner)              Turns: 8890, Time: 00:38:36

Health: -5/87      AC:  3    Str: 14    XL:     9   Next: 40%
Magic:  10/21      EV: 29    Int: 20    God:    Gozag
Gold:   471        SH:  0    Dex:  9    Spells: 11/24 levels left

rFire   . . .      SeeInvis .   c - +0 spear
rCold   . . .      Faith    .   (no shield)
rNeg    . . .      Spirit   .   a - +0 robe
rPois   .          Reflect  .   (helmet restricted)
rElec   .          Harm     .   (no cloak)
rCorr   .          Rampage  .   (gloves unavailable)
Will    .....                   (boots unavailable)
Stlth   ++........              e - amulet of the acrobat
HPRegen 0.24/turn               q - +4 ring of evasion
MPRegen 0.17/turn               (no ring)

@: acrobatic
A: large, unfitting armour, tough skin 1
a: Renounce Religion, Potion Petition, Call Merchant, Bribe Branch


You were in the Ecumenical Temple.
You worshipped Gozag.
Gozag was aware of your devotion.
You visited 2 branches of the dungeon, and saw 8 of its levels.
You also visited: Ossuary.

You collected 520 gold pieces.
You paid 49 gold pieces to Gozag.

Inventory:

Hand Weapons
 c - a +0 spear (weapon)
 x - a +0 glaive
Armour
 a - a +0 robe (worn)
Jewellery
 e - an amulet of the acrobat (around neck)
 q - a +4 ring of evasion (left hand)
Wands
 n - a wand of flame (20)
 r - a wand of digging (8)
 s - a wand of mindburst (7)
Scrolls
 d - a scroll of magic mapping {unknown}
 g - 4 scrolls of blinking
 h - 4 scrolls of amnesia
 j - a scroll of vulnerability {unknown}
 k - 3 scrolls of poison {unknown}
 l - 3 scrolls of immolation
 t - a scroll of fear
 u - a scroll of fog {unknown}
 v - a scroll of brand weapon
 w - 2 scrolls of enchant armour
Potions
 b - a potion of magic
 f - 2 potions of heal wounds
 i - 3 potions of haste
 m - a potion of attraction
 o - a potion of curing
 p - 2 potions of flight


   Skills:
 + Level 4.9 Fighting
 + Level 3.7 Polearms
 + Level 4.1 Dodging
 - Level 1.6 Stealth
 + Level 8.1 Spellcasting
 + Level 7.4 Summonings


You had 11 spell levels left.
You knew the following spells:

 Your Spells              Type           Power      Damage    Failure   Level
a - Summon Small Mammal   Summ           100%       N/A       1%          1
b - Call Imp              Summ           38%        N/A       1%          2
c - Call Canine Familiar  Summ           38%        N/A       1%          3
d - Summon Guardian Gole  Hex/Summ       23%        N/A       5%          3
e - Summon Lightning Spi  Summ/Air       23%        N/A       19%         4

Your spell library contained the following spells:

 Spells                   Type           Power      Damage    Failure   Level
 Apportation              Tloc           16%        N/A       9%          1
 Necrotise                Necr           32%        1d5       9%          1
 Blink                    Tloc           16%        N/A       13%         2
 Static Discharge         Conj/Air       8%         3-4/arc   13%         2
 Sublimation of Blood     Necr           8%         N/A       13%         2
 Ignite Poison            Fire/Tmut/Pois 8%         N/A       26%         3
 Lesser Beckoning         Tloc           8%         N/A       26%         3
 Mephitic Cloud           Conj/Pois/Air  8%         N/A       26%         3
 Dispel Undead            Necr           8%         3d8       63%         4
 Petrify                  Tmut/Erth      8%         N/A       63%         4
 Freezing Cloud           Conj/Ice/Air   4%         6-21      93%         5
 Irradiate                Conj/Tmut      4%         3d13      93%         5
 Lightning Bolt           Conj/Air       4%         1d15      93%         5
 Manifold Assault         Tloc           8%         N/A       93%         5
 Death Channel            Necr           4%         N/A       100%        6
 Maxwell's Capacitive Co  Air            4%         ∞         100%        8
 Corpse Rot               Necr/Pois/Air  Unusable   N/A       N/A         4

Dungeon Overview and Level Annotations

Branches:
Dungeon (7/15)             Temple (1/1) D:7         Ossuary (visited)

Altars:
Ashenzari
Cheibriados
Dithmenos
Fedhas
Gozag
Hepliaklqana
Kikubaaqudgha
Makhleb
Nemelex Xobeh
Okawaru
Qazlal
Ru
Sif Muna
Trog
Uskayaw
Vehumet
Wu Jian
Xom
Yredelemnul
Zin
The Shining One

Shops:
D:6 [   D:7 (


Innate Abilities, Weirdness & Mutations

You are too large for most types of armour.
You have tough skin. (AC +1)


Message History

You swap places.
The boulder beetle attacks as you move away!
The boulder beetle misses you.
The boulder beetle bites your guardian golem!!
Your guardian golem overheats!
The boulder beetle curls into a ball and begins rolling!
Casting: Summon Guardian Golem (dangerous; 5% risk of failure)
Confirm with . or Enter, or press ? or * to list all spells.
The boulder beetle hits your guardian golem.
Flame seeps out of your guardian golem.
The boulder beetle stops rolling and uncurls.
Your guardian golem is engulfed in blazing flames.
Flame seeps out of your guardian golem.
The boulder beetle bites your guardian golem.
Flame seeps out of your guardian golem.
Your wolf barely misses the boulder beetle.
The boulder beetle curls into a ball and begins rolling!
Your wolf bites the boulder beetle.
Your guardian golem is engulfed in blazing flames.
Flame seeps out of your guardian golem.
Your wolf bites the boulder beetle but does no damage.
The boulder beetle hits your guardian golem!
Your guardian golem disappears in a puff of smoke!
The boulder beetle stops rolling and uncurls.
Your guardian golem explodes!
The fiery explosion engulfs your wolf!!
The fiery explosion engulfs the boulder beetle!
Your wolf is engulfed in blazing flames.
Your wolf dies!
Your wolf's corpse disappears in a puff of smoke!
Casting: Call Canine Familiar (safe; 1% risk of failure)
Confirm with . or Enter, or press ? or * to list all spells.
A guardian golem appears, shielding your allies.
The boulder beetle is engulfed in blazing flames.
The boulder beetle curls into a ball and begins rolling!
Casting: Summon Guardian Golem (dangerous; 5% risk of failure)
Confirm with . or Enter, or press ? or * to list all spells.
The boulder beetle hits you!!
You die...
Your body crumbles into a pile of gold.

########## #####.........
####..........8..
###................
###.@...........##.##
##.9B§h..........#...#
##..§<§............._..
##...§§§.....##.##.#...#
##....).......#...#.##.##
##..............._........
#........##.##.#...#.##.##
##........#...#.##.##.#...#
#..........._..........._..


You could see a boulder beetle (rolling, ally target), a friendly guardian golem
(summoned) and a friendly hound (summoned, sheltered).

Vanquished Creatures
  A wight (Ossuary)
  An orc priest (Temple)
  A mummy (D:5)
  3 adders
  2 dart slugs
  3 orcs (D:3)
  5 ball pythons
  5 bats
  3 endoplasms
  2 hobgoblins (D:1)
  2 kobolds
  2 ball python skeletons (Ossuary)
  3 frilled lizards
  A goblin zombie (D:5)
  A hobgoblin zombie (Ossuary)
  A kobold zombie (Ossuary)
  An orc skeleton (Ossuary)
  2 rats
39 creatures vanquished.

Vanquished Creatures (collateral kills)
  A wraith (Ossuary)
  2 black bears (D:6)
  An ice beast (D:5)
  A sky beast (D:5)
  A kobold brigand (D:6)
  2 scorpions
  A wight (D:7)
  2 howler monkeys (D:7)
  2 hounds
  5 orc wizards
  9 adders
  A white imp (D:6)
  2 ufetubi
  2 adder zombies (Ossuary)
  8 orcs
  4 bats
  2 endoplasms
  2 giant cockroaches
  7 goblins
  6 hobgoblins
  6 kobolds
  4 quokkas
  2 ball pythons
  A ball python skeleton (Ossuary)
  2 frilled lizards
  A hobgoblin zombie (Ossuary)
  A kobold zombie (D:5)
  An orc skeleton (Ossuary)
  A rat (D:1)
80 creatures vanquished.

Vanquished Creatures (others)
  An ugly thing (D:7)
  A wraith (Ossuary)
  An orc warrior (D:6)
  An ogre (D:7)
  3 wights
  An orc priest (D:7)
  An iguana (D:5)
  Ijyb (D:5)
  An orc (D:6)
  A plant (D:7)
12 creatures vanquished.

Grand Total: 131 creatures vanquished

Notes
Turn   | Place    | Note
-------+----------+-------------------------------------------
     0 | D:1      | siradein the Ogre Summoner began the quest for the Orb.
     0 | D:1      | Reached XP level 1. HP: 16/16 MP: 3/3
   110 | D:1      | Reached XP level 2. HP: 3/24 MP: 1/5
   576 | D:1      | Learned a level 2 spell: Call Imp
   915 | D:1      | Reached skill level 3 in Spellcasting
   920 | D:1      | Reached XP level 3. HP: 16/31 MP: 4/7
  1359 | D:2      | Reached XP level 4. HP: 39/39 MP: 6/9
  1363 | D:2      | Learned a level 3 spell: Call Canine Familiar
  1367 | D:2      | Learned a level 3 spell: Summon Guardian Golem
  2007 | D:3      | Reached skill level 4 in Spellcasting
  2016 | D:3      | Reached XP level 5. HP: 13/45 MP: 3/11
  3177 | D:4      | Reached skill level 5 in Summonings
  3453 | D:4      | Found a sparkling altar of Nemelex Xobeh.
  3731 | D:4      | Reached XP level 6. HP: 43/53 MP: 10/13
  3736 | D:4      | Learned a level 4 spell: Summon Lightning Spire
  4144 | D:5      | Entered Level 5 of the Dungeon
  4291 | D:5      | Found an opulent altar of Gozag.
  4302 | D:5      | Became a worshipper of Gozag Ym Sagoz the Greedy
  4335 | D:5      | Found a sand-covered staircase.
  4347 | D:5      | Reached skill level 5 in Spellcasting
  4434 | Ossuary  | Entered an ossuary
  4587 | Ossuary  | Noticed a wraith
  4587 | Ossuary  | Noticed a flying skull
  4600 | Ossuary  | Noticed a flying skull
  4622 | Ossuary  | Noticed a flying skull
  4712 | Ossuary  | Noticed a flying skull
  4734 | Ossuary  | Noticed a flying skull
  4904 | Ossuary  | Noticed a wraith
  4928 | Ossuary  | Killed a wraith
  4929 | Ossuary  | Reached skill level 6 in Spellcasting
  4929 | Ossuary  | Reached XP level 7. HP: 18/59 MP: 10/16
  5140 | Ossuary  | Noticed a wraith
  5163 | Ossuary  | Killed a wraith
  5767 | D:5      | Noticed Ijyb
  5787 | D:5      | Killed Ijyb
  5892 | D:5      | Reached skill level 1 in Fighting
  5892 | D:5      | Reached XP level 8. HP: 70/70 MP: 7/18
  6162 | D:5      | Found a stormy altar of Qazlal.
  6300 | D:5      | Reached skill level 1 in Polearms
  6300 | D:5      | Reached skill level 7 in Spellcasting
  6802 | D:6      | Found a bloodstained altar of Trog.
  6815 | D:6      | Found a blossoming altar of Fedhas.
  6962 | D:6      | Found Epsed's Armour Boutique.
  7580 | D:6      | Upgraded the game from 0.29-a0-872-g797fff5ad1 to
                  | 0.29-a0-876-gfc89b1a5bd
  7723 | D:7      | Noticed a green ugly thing
  7753 | D:7      | Killed a green ugly thing
  7754 | D:7      | Reached XP level 9. HP: 85/85 MP: 6/20
  8050 | D:7      | Found Henaimux's Hydra Hut.
  8051 | D:7      | Noticed a six-headed hydra
  8059 | D:7      | Found a staircase to the Ecumenical Temple.
  8090 | D:7      | Reached skill level 8 in Spellcasting
  8098 | Temple   | Entered the Ecumenical Temple
  8270 | D:7      | Identified the ring "Qixuta" {Fire Fly rElec}
  8270 | D:7      | Noticed a kobold demonologist
  8353 | D:7      | Noticed a boulder beetle
  8890 | Temple   | Slain by a boulder beetle

Illustrated notes

Levels and vault maps discovered:
D:1:      minmay_arrival_cross, layout_basic
D:2:      layout_rooms, grunt_decor_one_mirror
D:3:      layout_basic, kennysheep_nub, minmay_stone_trees_medium,
          minmay_tree_intersection, kennysheep_generic_room_8
D:4:      layout_cave_pods, old_standard_altar
D:5:      layout_loops_ring, nicolae_qazlal_scattered_showers,
          grunt_gozag_breadcrumbs, nicolae_ossuary_entry_giza, uniq_ijyb
D:6:      layout_cave_pools, fedhas_altar_2, trog_ov_bears_minmay, serial_shops,
          nicolae_shop_trees
D:7:      minmay_the_grid_triangle_9x9_recursive_2
          [minmay_the_grid_triangle_9x9_prize_special,
          minmay_the_grid_triangle_9x9_skeleton,
          minmay_the_grid_triangle_9x9_shrine,
          minmay_the_grid_triangle_9x9_wacky_v], layout_loops_ring,
          minmay_temple_entry_glass, doesnt_shop_hydraphobe
Temple:   nicolae_temple_elliptical

Skill      XL: |  1  2  3  4  5  6  7  8  9 |
---------------+----------------------------+-----
Dodging        | 2 3 4 |  4.1
Spellcasting   | 3 4 6 7 8 |  8.1
Summonings     | 4 5 6 7 |  7.4
Fighting       | 1 4 |  4.9
Polearms       | 3 |  3.7
Stealth        | |  1.6

Action                   |  1- 3 |  4- 6 |  7- 9 || total
-------------------------+-------+-------+-------++-------
Melee: Unarmed           |    17 |       |       ||    17
       Spear             |    55 |   168 |    43 ||   266
 Cast: Summon Small Mamm |     8 |     1 |     9 ||    18
       Call Imp          |     9 |     2 |    11 ||    22
       Call Canine Famil |       |    28 |    35 ||    63
       Summon Guardian G |       |     2 |    27 ||    29
  Use: Scroll            |       |     4 |     7 ||    11
 Stab: Sleeping          |     2 |     6 |       ||     8
       Distracted        |       |       |     1 ||     1
Armor: Robe              |    33 |    35 |    18 ||    86
Dodge: Dodged            |    44 |    83 |    46 ||   173

Table legend: (Time is in decaauts)
 A = Elapsed time spent in this place.
 B = Non-inter-level travel time spent in this place.
 C = Inter-level travel time spent in this place.
 D = Time resting spent in this place.
 E = Time spent auto-exploring this place.
 F = Levels seen in this place.
 G = Mean time per level.
                   A        B        C        D        E       F      G
               +--------+--------+--------+--------+--------+-----+--------+
         Total |   8970 |   8794 |    176 |    984 |   5959 |   9 |  996.7 |
       Dungeon |   7198 |   7022 |    176 |    682 |   4815 |   7 | 1028.3 |
        Temple |    643 |    643 |      0 |    270 |    298 |   1 |  643.0 |
       Ossuary |   1128 |   1128 |      0 |     32 |    845 |   1 | 1128.0 |
               +--------+--------+--------+--------+--------+-----+--------+

Top non-repeatable levels by time:
     D:5: 1485 daAuts
     D:3: 1360 daAuts
     D:1: 1212 daAuts
 Ossuary: 1128 daAuts
     D:4: 1066 daAuts
     D:6: 909 daAuts
  Temple: 643 daAuts
     D:7: 641 daAuts
     D:2: 521 daAuts
